 Dungeon Crawl Stone Soup version 0.31-a0-237-g2d982f9f85 (webtiles) character file.

Game seed: 5813798446405553331

1141 Nattfarinn the Stinger (level 8, -3/94 HPs)
             Began as a Demonspawn Venom Mage on July 11, 2023.
             Succumbed to a water moccasin's poison
             ... on level 6 of the Dungeon.
             The game lasted 00:07:08 (4823 turns).

Nattfarinn the Stinger (Demonspawn Venom Mage)      Turns: 4823, Time: 00:07:08

Health: -3/94      AC:  2    Str:  9    XL:     8   Next: 14%
Magic:  0/14       EV: 12    Int: 19    God:
Gold:   206        SH:  0    Dex: 13    Spells: 9/16 levels left

rFire   . . .        o - +2 short sword (venom)
rCold   . . .        (no shield)
rNeg    . . .        a - +0 robe
rPois   .            (helmet restricted)
rElec   .            (no cloak)
rCorr   .            (no gloves)
SInv    .            (no boots)
Will    .....        (no amulet) Stlth
                     (no ring)
HPRegen 0.35/turn    (no ring)
MPRegen 0.14/turn

%: no passive effects
@: brilliant, berserking, lethally poisoned (-3 -> -27), very slightly
contaminated, very quick
A: antennae 2, spiny 3, demonic magic 1
a: no special abilities


You were on level 6 of the Dungeon.
You visited 1 branch of the dungeon, and saw 6 of its levels.

You collected 206 gold pieces.

Inventory:

Hand Weapons
 c - a +0 dagger
 o - a +2 short sword of venom (weapon)
Armour
 a - a +0 robe (worn)
 w - a +1 plate armour of cold resistance
Wands
 s - a wand of flame (25)
 t - a wand of digging (5)
Scrolls
 d - a scroll of noise {unknown}
 g - a scroll of amnesia {unknown}
 i - a scroll of fear {unknown}
 j - 2 scrolls of poison
 k - a scroll of fog {unknown}
 l - a scroll of summoning {unknown}
 n - 4 scrolls of identify {unknown}
 p - 3 scrolls of teleportation {unknown}
 r - a scroll of vulnerability {unknown}
 u - a scroll of immolation {unknown}
Potions
 b - a potion of magic
 e - 4 potions of brilliance
 f - a potion of curing {unknown}
 h - 2 potions of berserk rage
 m - a potion of attraction {unknown}
 q - a potion of enlightenment {unknown}
 v - a potion of mutation {unknown}
 x - a potion of haste {unknown}


   Skills:
 + Level 5.5 Fighting
 - Level 1.7 Dodging
 - Level 1.7 Stealth
 - Level 4.5 Spellcasting
 - Level 0.8 Transmutations
 - Level 7.0 Poison Magic


You had 9 spell levels left.
You knew the following spells:

 Your Spells              Type           Power      Damage    Failure   Level
a - Sting                 Tmut/Pois      100%       1d8       2%          1
b - Olgreb's Toxic Radia  Pois           46%        N/A       7%          4
c - Poisonous Vapours     Pois/Air       52%        N/A       4%          2

Your spell library contained the following spells:

 Spells                   Type           Power      Damage    Failure   Level
 Mephitic Cloud           Conj/Pois/Air  19%        N/A       16%         3
 Volatile Blastmotes      Fire/Tloc      12%        2d11      36%         3
 Fulminant Prism          Conj/Hex       3%         3d5       78%         4
 Iskenderun's Mystic Bla  Conj/Tloc      6%         2d4       78%         4
 Lee's Rapid Deconstruct  Erth           3%         3d5*      98%         5


Dungeon Overview and Level Annotations

Branches:
Dungeon (6/15)
 Temple: D:4-7

Altars:

Shops:
D:1 (


Innate Abilities, Weirdness & Mutations

You have a pair of antennae on your head.
You are completely covered in sharp spines.
Spells you cast may paralyse adjacent enemies.


Message History

You miscast Olgreb's Toxic Radiance.
You are very lightly contaminated with residual magic.
Nothing appears to happen.
You feel very sick. The black bear bites you! The black bear claws you.
The black bear misses you.
The water moccasin is struck by your spines.
The water moccasin barely misses you.
The black bear is struck by your spines.
You kill the black bear!
You have reached level 8!
You feel clever.
Your demonic ancestry asserts itself...
The antennae on your head grow some more.
You hit the water moccasin.
The water moccasin is heavily wounded.
You feel sick. The water moccasin bites you.
* * * LOW HITPOINT WARNING * * *
You are lethally poisoned!
The water moccasin poisons you!
The water moccasin is struck by your spines.
The water moccasin bites you.
* * * LOW HITPOINT WARNING * * *
You are more poisoned.
The water moccasin poisons you!
Okay, then.
The air fills with toxic fumes!
As you read the scroll labelled GUQEECVOGE, it crumbles to dust.
It was a scroll of poison.
* * * LOW HITPOINT WARNING * * *
You feel extremely sick.
The water moccasin is struck by your spines.
You kill the water moccasin!
Your Fighting skill increases to level 5!
It was a potion of brilliance.
You feel clever all of a sudden.
* * * LOW HITPOINT WARNING * * *
You feel extremely sick.
It was a potion of berserk rage.
A red film seems to cover your vision as you go berserk!
You feel yourself moving faster!
You feel mighty!
You die...

....##..###.....##.#....
...###.....§§§§§#§§#§§§.
.........§##§§§§§§§§§§...
.........§§§§§§§§§§§§..§..
.........##§§§§§§§§§..§§..
#...##.####§§§§§§§§##§§§..
...#....# #§§§§§§§§§§§§§..
#.##.....>#§§§§§§§§§§§§§..
## ..#...#§§§§§@§§§§§§§..
.. #.§§§§§§§§†§§§§§§..
.##§§§##§§§§§§§§..
#§§..§o§§§§##§#.
#§§..?§§§§§§#
§§...§§§§§§§o§
#.#..§§§§§§§§§§
#.§§§§§§§§§§§..
$..............


You could see an orc warrior and an orc.

Vanquished Creatures
  A water moccasin (D:6)
  An orc warrior (D:6)
  2 black bears
  An ogre (D:4)
  A centaur (D:5)
  A phantom (D:6)
  3 jellies
  2 hounds
  2 orc priests
  3 sleepcaps
  An iguana (D:6)
  2 orc wizards
  Terence (D:3)
  4 adders
  A white imp (D:3)
  A worm (D:3)
  4 dart slugs
  8 orcs
  5 endoplasms
  A giant cockroach (D:2)
  5 goblins
  3 hobgoblins
  6 jackals
  15 kobolds
  5 quokkas
  7 ball pythons
  9 bats
  6 rats
101 creatures vanquished.

Notes
Turn   | Place    | Note
-------+----------+-------------------------------------------
     0 | D:1      | Nattfarinn the Demonspawn Venom Mage began the quest for
                  | the Orb.
     0 | D:1      | Reached XP level 1. HP: 13/13 MP: 3/3
   157 | D:1      | You fall into a shaft and drop 1 floor!
   260 | D:1      | Gained mutation: You have a pair of small antennae on your
                  | head. [demonic ancestry]
   260 | D:1      | Reached XP level 2. HP: 19/19 MP: 1/5
   808 | D:1      | Found Heastoce's Antique Weapon Shoppe.
  1109 | D:2      | Gained mutation: You are partially covered in sharp spines.
                  | [demonic ancestry]
  1109 | D:2      | Reached XP level 3. HP: 24/24 MP: 2/6
  1170 | D:2      | Reached skill level 4 in Poison Magic
  1650 | D:3      | Found a faded altar of an unknown god.
  1782 | D:3      | Gained mutation: Spells you cast may paralyse adjacent
                  | enemies. [demonic ancestry]
  1782 | D:3      | Reached XP level 4. HP: 30/30 MP: 8/8
  2208 | D:3      | Noticed Terence
  2215 | D:3      | Killed Terence
  2628 | D:4      | Reached skill level 5 in Poison Magic
  2628 | D:4      | Reached XP level 5. HP: 35/35 MP: 5/9
  2658 | D:4      | Noticed an ogre
  2666 | D:4      | Killed an ogre
  2733 | D:4      | Learned a level 4 spell: Olgreb's Toxic Radiance
  2845 | D:4      | Gained mutation: You are mostly covered in sharp spines.
                  | [demonic ancestry]
  2845 | D:4      | Reached XP level 6. HP: 29/41 MP: 3/11
  2939 | D:4      | Reached skill level 6 in Poison Magic
  3483 | D:5      | Entered Level 5 of the Dungeon
  3841 | D:5      | Learned a level 2 spell: Poisonous Vapours
  3949 | D:5      | Gained mutation: You are completely covered in sharp
                  | spines. [demonic ancestry]
  3949 | D:5      | Reached XP level 7. HP: 46/46 MP: 8/13
  4023 | D:5      | Reached skill level 7 in Poison Magic
  4428 | D:6      | Reached skill level 1 in Fighting
  4820 | D:6      | Gained mutation: You have a pair of antennae on your head.
                  | [demonic ancestry]
  4820 | D:6      | Reached XP level 8. HP: 24/61 MP: 0/14
  4822 | D:6      | Reached skill level 5 in Fighting
  4822 | D:6      | HP: 1/63 [poisoned by a water moccasin]
  4823 | D:6      | Succumbed to a water moccasin's poison

Illustrated notes

Levels and vault maps discovered:
D:1:      dpeg_arrival_snail, layout_basic, serial_bayou, serial_bayou_lake_a,
          serial_bayou_pond_e, serial_bayou_crossing, serial_bayou_ford_a,
          serial_shops, nicolae_shop_tiny_statue_garden, minmay_misc_feat_x
D:2:      layout_basic
D:3:      layout_basic, shapermc_ecumenical_altar_starsandcircs, uniq_terence
D:4:      layout_basic
D:5:      layout_loops_cross, kennysheep_generic_room_10
D:6:      layout_cave_pools, fiery_altar_vehumet,
          mainiacjoe_overflow_small_starburst, kennysheep_diamond

Skill      XL: |  1  2  3  4  5  6  7  8 |
---------------+-------------------------+-----
Poison Magic   | 4 5 6 7 |  7.0
Spellcasting   | 3 4 |  4.5
Fighting       | 4 5 |  5.5
Dodging        | |  1.7
Stealth        | |  1.7
Transmutations | |  0.8

Action                     |  1- 3 |  4- 6 |  7- 9 || total
---------------------------+-------+-------+-------++-------
  Melee: Unarmed           |     3 |       |       ||     3
         Dagger            |    25 |       |       ||    25
         Short sword       |     3 |    37 |    26 ||    66
   Cast: Sting             |    65 |    63 |    16 ||   144
         Olgreb's Toxic Ra |       |     2 |     6 ||     8
    Use: Potion            |       |       |     2 ||     2
         Scroll            |       |       |     1 ||     1
   Stab: Paralysed         |       |    15 |     2 ||    17
         Sleeping          |       |     4 |       ||     4
 Armour: Robe              |     7 |     5 |     5 ||    17
  Dodge: Dodged            |    33 |    18 |    23 ||    74

Table legend: (Time is in decaauts)
 A = Elapsed time spent in this place.
 B = Non-inter-level travel time spent in this place.
 C = Inter-level travel time spent in this place.
 D = Time resting spent in this place.
 E = Time spent auto-exploring this place.
 F = Levels seen in this place.
 G = Mean time per level.
                   A        B        C        D        E       F      G
               +--------+--------+--------+--------+--------+-----+--------+
         Total |   4868 |   4750 |    118 |     91 |   4065 |   6 |  811.3 |
       Dungeon |   4868 |   4750 |    118 |     91 |   4065 |   6 |  811.3 |
               +--------+--------+--------+--------+--------+-----+--------+

Top non-repeatable levels by time:
     D:1: 1081 daAuts
     D:5: 1031 daAuts
     D:3: 963 daAuts
     D:4: 874 daAuts
     D:2: 608 daAuts
     D:6: 309 daAuts
